 Dungeon Crawl Stone Soup version 0.28.0-45-g0d030f2227 (webtiles) character file.

Game seed: 17372762844253804544

228 101zpm the Magician (level 6, -3/41 HPs)
             Began as a Djinni Ice Elementalist on Apr 11, 2022.
             Slain by a phantom (7 damage)
             ... on level 6 of the Dungeon.
             The game lasted 00:09:17 (3635 turns).

101zpm the Magician (Djinni Ice Elementalist)       Turns: 3635, Time: 00:09:18

Health: -3/41      AC:  6    Str:  7    XL:     6   Next: 23%
Gold:   68         EV: 11    Int: 18    God:
                   SH:  0    Dex: 14

rFire   + + .      SeeInvis .   (no weapon)
rCold   x . .      Faith    .   (no shield)
rNeg    . . .      Spirit   .   i - +3 leather armour
rPois   ∞          Reflect  .   (no helmet)
rElec   .          Harm     .   (no cloak)
rCorr   .          Rampage  .   (no gloves)
Will    .....                   (boots unavailable)
Stlth   ++........              (no amulet)
HPRegen 0.13/turn               (no ring)
MPRegen 0.00/turn               (no ring)

@: flying, very slightly contaminated
A: sickness immunity, fire resistance 2, cold vulnerability 1, float, innate
caster, HP casting, extra vitality 1
a: no special abilities


You were on level 6 of the Dungeon.
You visited 1 branch of the dungeon, and saw 5 of its levels.

You collected 68 gold pieces.

Inventory:

Missiles
 f - 79 stones
Armour
 a - a +0 robe
 i - a +3 leather armour (worn)
Jewellery
 n - a ring of see invisible
Wands
 l - a wand of paralysis (10)
 m - a wand of iceblast (7)
Scrolls
 b - a scroll of identify {unknown}
 e - 2 scrolls of acquirement {unknown}
 g - a scroll of amnesia {unknown}
 j - 2 scrolls of teleportation {unknown}
Potions
 c - a potion of lignification {unknown}
 d - 2 potions of cancellation {unknown}
 h - a potion of brilliance {unknown}
 k - 2 potions of curing {unknown}


   Skills:
 + Level 0.3 Fighting
 + Level 0.8 Armour
 + Level 2.4 Dodging
 + Level 2.0 Stealth
 + Level 0.4 Unarmed Combat
 + Level 5.2 Spellcasting


You had one spell level left.
You knew the following spells:

 Your Spells              Type           Power      Damage    Failure   Level
a - Freeze                Ice            92%        1d10      2%          1
b - Frozen Ramparts       Ice            46%        1d6       7%          3
c - Ozocubu's Armour      Ice            23%        N/A       7%          3
d - Hailstorm             Conj/Ice       23%        3d7       22%         4
e - Summon Small Mammal   Summ           92%        N/A       2%          1
f - Call Imp              Summ           23%        N/A       3%          2
Your spell library was empty.

Dungeon Overview and Level Annotations

Branches:
Dungeon (4/15)
 Temple: D:4-7

Altars:

Annotations:
D:2 Sigmund


Innate Abilities, Weirdness & Mutations

You are immune to sickness and miasma.
You are immune to poison.
Your flesh is very heat resistant. (rF++)
You are vulnerable to cold. (rC-)
You float through the air rather than walking.
You learn spells naturally, not from books.
Your magical power is your life essence.
You have superior vitality. (+4 MHP)


Message History

Your white imp gestures at the phantom.
The puff of frost hits the phantom.
The phantom resists.
The phantom hits your white imp.
Aiming: Freeze (safe; 2% risk of failure)
Press: ? - help, Q - select action, (/) - cycle Shift-Dir - straight line, f/p - phantom
Aim: a phantom (heavily damaged, ally target)
You freeze the phantom.
The phantom resists.
The phantom is heavily damaged.
* * * LOW HITPOINT WARNING * * *
Your quokka misses the phantom.
Your quokka bites the phantom.
Your white imp hits the phantom but does no damage.
The phantom barely misses you.
Aiming: Freeze (safe; 2% risk of failure)
Press: ? - help, Q - select action, (/) - cycle Shift-Dir - straight line, f/p - phantom
Aim: a phantom (heavily damaged, ally target)
You miscast Freeze.
Nothing appears to happen.
* * * LOW HITPOINT WARNING * * *
Your quokka barely misses the phantom.
Your quokka closely misses the phantom.
Your white imp hits the phantom but does no damage.
The phantom hits you but does no damage.
Aiming: Freeze (safe; 2% risk of failure)
Press: ? - help, Q - select action, (/) - cycle Shift-Dir - straight line, f/p - phantom
Aim: a phantom (heavily damaged, ally target)
You freeze the phantom but do no damage.
The phantom completely resists.
* * * LOW HITPOINT WARNING * * *
Your quokka bites the phantom but does no damage.
Your quokka closely misses the phantom. x2
Your white imp hits the phantom but does no damage.
The phantom hits your quokka!
Your quokka dies!
Your quokka's corpse disappears in a puff of smoke!
Your quokka closely misses the phantom.
Casting: Freeze (safe; 2% risk of failure)
Confirm with . or Enter, or press ? or * to list all spells.
* * * LOW HITPOINT WARNING * * *
Your quokka bites the phantom.
Your white imp barely misses the phantom.
The phantom hits you!
You die...

.≈≈≈≈≈≈≈..≈≈≈≈≈≈.......
≈≈≈≈≈≈≈≈..≈≈≈..........
≈≈≈≈≈≈≈≈..≈...##.......
≈≈≈≈≈.8..8...##......#
≈###.8..8...##.....#
##.........#...#
#.......)......#
#........#..W...#
..........#.5r@#.##...
......................
..............b.......
................##....
...........#....# #..
...........##.... .
......#. .... .....#.
.../. ..# .. ..####


You could see a phantom (ally target), a friendly white imp (summoned), a
friendly quokka (summoned) and a friendly bat (summoned).

Vanquished Creatures
  2 jellies
  An iguana (D:6)
  Natasha (D:4)
  4 adders
  A worm (D:3)
  A dart slug (D:3)
  3 orcs
  3 ball pythons
  4 bats
  2 endoplasms (D:3)
  A giant cockroach (D:2)
  2 hobgoblins (D:3)
  2 jackals (D:3)
  A quokka (D:3)
  2 frilled lizards (D:3)
  2 goblins (D:3)
  3 kobolds
  A rat (D:2)
36 creatures vanquished.

Vanquished Creatures (collateral kills)
  A bullfrog skeleton (D:4)
  A hound skeleton (D:4)
  A goblin (D:4)
  A hobgoblin (D:4)
  A quokka (D:4)
5 creatures vanquished.

Grand Total: 41 creatures vanquished

Notes
Turn   | Place    | Note
-------+----------+-------------------------------------------
     0 | D:1      | 101zpm the Djinni Ice Elementalist began the quest for the
                  | Orb.
     0 | D:1      | Reached XP level 1. HP: 15/15 MP: 0/0
   300 | D:2      | Reached XP level 2. HP: 11/21 MP: 0/0
   576 | D:2      | Noticed Sigmund
   916 | D:3      | Reached XP level 3. HP: 22/25 MP: 0/0
   916 | D:3      | Learned a level 1 spell: Summon Small Mammal
   964 | D:3      | Reached skill level 4 in Spellcasting
  1504 | D:3      | Reached XP level 4. HP: 27/31 MP: 0/0
  2532 | D:4      | Reached XP level 5. HP: 30/36 MP: 0/0
  2532 | D:4      | Learned a level 2 spell: Call Imp
  2854 | D:4      | Noticed Natasha
  2865 | D:4      | Killed Natasha
  3101 | D:4      | You are sucked into a shaft and drop 2 floors!
  3133 | D:6      | Reached skill level 5 in Spellcasting
  3133 | D:6      | Reached XP level 6. HP: 14/41 MP: 0/0
  3635 | D:6      | Slain by a phantom

Illustrated notes

Levels and vault maps discovered:
D:1:      minmay_arrival_semitransparent, layout_loops_cross,
          dreamdust_ecumenical_altar_grove
D:2:      layout_basic, serial_forest, infiniplex_forest_clump_medium,
          infiniplex_forest_lined_room_2, infiniplex_forest_lined_2,
          infiniplex_forest_clump_medium, infiniplex_forest_clump_small,
          infiniplex_forest_straight_5, infiniplex_forest_zigzag_2,
          infiniplex_forest_lined_3_way, infiniplex_forest_zigzag_1,
          infiniplex_forest_corner_1, uniq_sigmund, uniq_jessica
D:3:      layout_basic
D:4:      layout_rooms, zin_scriptorium, nicolae_concentric_dashed_squares_wild,
          corexii_item_surrounded_by_moat, minmay_misc_feat_x,
          kennysheep_generic_room_8, uniq_natasha
D:6:      wander_river, layout_cave_pools, mainiacjoe_overflow_alcove_4

Skill      XL: |  1  2  3  4  5 |
---------------+----------------+-----
Spellcasting   | 4 5 |  5.2
Stealth        | 2 |  2.0
Fighting       | |  0.3
Armour         | |  0.8
Dodging        | |  2.4
Unarmed Combat | |  0.4

Action                   |  1- 3 |  4- 6 || total
-------------------------+-------+-------++-------
Melee: Unarmed           |    25 |       ||    25
 Cast: Freeze            |    25 |    34 ||    59
       Frozen Ramparts   |     2 |     7 ||     9
       Summon Small Mamm |       |    41 ||    41
       Call Imp          |       |     8 ||     8
Armor: Robe              |     8 |     3 ||    11
       Leather armour    |       |     4 ||     4
Dodge: Dodged            |    31 |    18 ||    49
